 Dungeon Crawl Stone Soup version 0.24.1-4-ge52af88ad5 (webtiles) character file.

Game seed: 2155116283165095485, levelgen mode: deterministic

30 Doot the Grave Robber (level 3, 0/24 HPs)
             Began as a Demonspawn Necromancer on Apr 17, 2020.
             Succumbed to an adder's poison
             ... on level 1 of the Dungeon.
             The game lasted 00:01:44 (910 turns).

Doot the Grave Robber (Demonspawn Necromancer)       Turns: 910, Time: 00:01:44

Health: 0/24       AC:  2    Str:  8    XL:     3   Next: 5%
Magic:  2/6        EV: 12    Int: 17    God:
Gold:   14         SH:  0    Dex: 13    Spells: 5/6 levels left

rFire    . . .     SeeInvis .   (no weapon)
rCold    . . .     Gourm    .   (no shield)
rNeg     . . .     Faith    .   a - +0 robe
rPois    .         Spirit   .   (no helmet)
rElec    .         Reflect  .   (no cloak)
rCorr    .         Harm     .   (no gloves)
MR       +....                  (no boots)
Stlth    ++........             (no amulet)
HPRegen  0.08/turn              g - ring of protection from magic
MPRegen  0.10/turn              (no ring)

@: lethally poisoned (0 -> -1)
A: claws 1, demonic guardian 1
a: no special abilities


You were on level 1 of the Dungeon.
You were not hungry.

You visited 1 branch of the dungeon, and saw 2 of its levels.

You collected 14 gold pieces.

Inventory:

Armour
 a - a +0 robe (worn)
Jewellery
 g - a ring of protection from magic (left claw)
Scrolls
 d - 3 scrolls of identify {unknown}
 e - a scroll of immolation {unknown}
Potions
 b - a potion of flight {unknown}
 h - 2 potions of heal wounds {unknown}
Comestibles
 c - a ration
 f - 2 chunks of flesh


   Skills:
 + Level 1.9 Dodging
 + Level 1.9 Stealth
 + Level 2.4 Spellcasting
 + Level 5.0 Necromancy


You had 5 spell levels left.
You knew the following spells:

 Your Spells              Type           Power        Failure   Level  Hunger
a - Pain                  Necr           ###.         2%          1    #......

Your spell library contained the following spells:

 Spells                   Type           Power        Failure   Level  Hunger
 Animate Skeleton         Necr           N/A          2%          1    #......
 Vampiric Draining        Necr           ###.......   7%          3    ###....
 Regeneration             Chrm/Necr      ##........   21%         3    ###....
 Animate Dead             Necr           N/A          22%         4    #####..


Dungeon Overview and Level Annotations

Branches:
Dungeon (2/15)

Altars:
Gozag


Innate Abilities, Weirdness & Mutations

You have sharp fingernails.
A weak demonic guardian rushes to your aid.


Message History

You feel sick.
You see here a rapier.
Some of the chunks of flesh in your inventory have rotted away.
A kobold comes into view. It is wielding a +0 dagger.
You feel sick.
There is a stone staircase leading up here.
The gnoll hits you with a +0 flail.
* * * LOW HITPOINT WARNING * * *
The gnoll hits you with a +0 flail.
* * * LOW HITPOINT WARNING * * *
You climb upwards.
There is a stone staircase leading down here.
Unknown command.
Casting: Pain (safe; 2% risk of failure)
Confirm with . or Enter, or press ? or * to list all spells.
Aiming: Pain (safe; 2% risk of failure)
Press: ? - help, Shift-Dir - straight line, f - gnoll
Aim: a gnoll, wielding a +0 flail (moderately wounded, fast, chance to defeat MR: 84%)
The gnoll barely resists.
You die...

.. #. . #.# #.#
#.###### #####.#
#.>..... ##.....##
#.......
##.......###.......
#.........##.......
#.@.......##.......
#g........##.......
#.................#
#..........#.###...
#.........##.# ##.#
#.........##.####..
#.........##.##.#..
#.........##.#..#
#.........##.#.##


You could see a gnoll.

Vanquished Creatures
  An adder (D:2)
  2 leopard geckos (D:1)
  A giant cockroach (D:1)
  2 hobgoblins
  2 quokkas (D:2)
  4 bats
  2 frilled lizards (D:1)
  2 goblins (D:1)
  A kobold (D:1)
  2 rats
19 creatures vanquished.

Notes
Turn   | Place    | Note
-------+----------+-------------------------------------------
     0 | D:1      | Doot the Demonspawn Necromancer began the quest for the
                  | Orb.
     0 | D:1      | Reached XP level 1. HP: 13/13 MP: 3/3
   583 | D:1      | Gained mutation: You have sharp fingernails. [demonic
                  | ancestry]
   583 | D:1      | Reached XP level 2. HP: 19/19 MP: 3/5
   747 | D:2      | Found an opulent altar of Gozag.
   844 | D:2      | Reached skill level 5 in Necromancy
   894 | D:2      | Gained mutation: A weak demonic guardian rushes to your
                  | aid. [demonic ancestry]
   894 | D:2      | Reached XP level 3. HP: 14/24 MP: 1/6
   908 | D:2      | HP: 1/24 [gnoll/+0 flail (4)]
   910 | D:1      | Succumbed to an adder's poison

Levels and vault maps discovered:
D:1:      dpeg_arrival_pond, layout_rooms, minmay_misc_feat_rugged
D:2:      layout_rooms, old_standard_altar, uniq_crazy_yiuf_cottage, uniq_robin

Skill      XL: |  1  2 |
---------------+-------+-----
Necromancy     | 5 |  5.0
Dodging        | |  1.9
Stealth        | |  1.9
Spellcasting   | |  2.4

Action                   || total
-------------------------++-------
Melee: Dagger            ||     1
 Cast: Pain              ||    35
Armor: Robe              ||    12
Dodge: Dodged            ||    32
